 Dungeon Sprint DCSS version 0.19.0-20-gbc5f0c6 (webtiles) character file.

413 Melicamp the Changer (level 6, -14/67 HPs)
             Began as a Troll Transmuter on Nov 17, 2016.
             Was an Initiate of Cheibriados.
             Succumbed to Sonja's curare-tipped needle
             ... in the Dungeon (Sprint I: "Red Sonja").
             The game lasted 00:06:13 (345 turns).

Melicamp the Changer (Troll Transmuter)              Turns: 345, Time: 00:06:14

Health: -14/67     AC:  2    Str: 20    XL:     6   Next: 59%
Magic:  9/11       EV: 19    Int: 12    God:    Cheibriados [......]
Gold:   211        SH:  0    Dex: 16    Spells: 3 memorised, 7 levels left

rFire  . . .     SeeInvis .       - Unarmed
rCold  . . .     Gourm    +     (armour currently unavailable)
rNeg   . . .     Faith    .     (shield currently unavailable)
rPois  x         Spirit   .     (helmet currently unavailable)
rElec  .         Reflect  .     (cloak currently unavailable)
rCorr  .         Harm     .     (gloves unavailable)
MR     .....     NoTele   +     (boots unavailable)
Stlth  +.........               (no amulet)
                                (no ring)
                                (no ring)

@: lethally poisoned (-14 -> -145), spider-form (expiring), slowed, very slow
A: unfitting armour, (claws 0), fast metabolism 3, gourmand, regeneration 1,
(shaggy fur 0), (tough skin 0)
a: End Transformation, Bend Time, Renounce Religion


You were in the Dungeon.
You worshipped Cheibriados.
Cheibriados was noncommittal.
You were not hungry.
You were a venomous arachnid creature.
You visited 1 branch You collected 211 gold pieces.

Inventory:

Missiles
 a - 12 arrows
Armour
 b - a +0 robe
 k - a +2 robe of magic resistance (melded)
Wands
 i - a wand of digging (13/24)
Scrolls
 j - a scroll of blinking
Potions
 g - a potion of haste
 h - 2 potions of magic
Books
 c - a book of Changes

   Spells                             Type                      Level
   a - Beastly Appendage              Transmutation                1
   b - Sticks to Snakes               Transmutation                2
   c - Spider Form                    Transmutation/Poison         3
   d - Ice Form                       Ice/Transmutation            4
   e - Blade Hands                    Transmutation                5
Comestibles
 d - 2 bread rations


   Skills:
 - Level 6.1 Fighting
 - Level 1.5 Dodging
 - Level 6.0 Unarmed Combat
 + Level 4.1 Spellcasting
 * Level 7.0 Transmutations


You had 7 spell levels left.
You knew the following spells:

 Your Spells              Type           Power        Failure   Level  Hunger
a - Beastly Appendage     Tmut           ###...       6%          1    None
b - Spider Form           Tmut/Pois      ##........   36%         3    ###....
c - Sticks to Snakes      Tmut           ###.....     8%          2    ##.....


Dungeon Overview and Level Annotations

Branches:
Dungeon (1/1)

Altars:
Cheibriados
Dithmenos
Elyvilon
Fedhas
Gozag
Hepliaklqana
Kikubaaqudgha
Nemelex Xobeh
Okawaru
Qazlal
Ru
Sif Muna
Trog
Uskayaw
Vehumet
Yredelemnul
Zin
The Shining One

Shops:
D }

Annotations:
D Sonja


Innate Abilities, Weirdness & Mutations

You are too large for most types of armour.
((You have claws for hands.))
Your metabolism is lightning-fast.
You like to eat raw meat.
Your natural rate of healing is unusually fast.
((You are covered in fur. (AC +1)))
((You have very tough skin. (AC +2)))


Message History

Sonja hits you with an uncursed dagger of venom!
* * * LOW HITPOINT WARNING * * *
You are more poisoned.
Sonja hits you but does no damage.
You are more poisoned.
Sonja barely misses you.
You feel much better.
* * * LOW HITPOINT WARNING * * *
You feel extremely sick.
Sonja gestures wildly while chanting.
Sonja blinks!
Sonja unwields an uncursed dagger of venom.
It stops dripping with poison.
Sonja wields an uncursed blowgun.
Sonja shoots a curare-tipped needle.
The curare-tipped needle hits you.
You are more poisoned.
You have difficulty breathing.
* * * LOW HITPOINT WARNING * * *
You feel as though you will be slow longer.
Your transformation is almost over.
You die...

#############
#<.#).'..#.)+
#..'..#..'..#
#..#####+#.###+#
#..####..#...#(#
#..#__####..##.#
#..#_____##'#..+
#⌠⌠#_.∩..K'.s(_#
####_..__##_(#+#
#_____###'#
####### #.# $.$
$.$ ##.## #+#


You could see Sonja.

Vanquished Creatures
  A yak (D)
  Sigmund (D)
  An ogre (D)
  A jelly (D)
  Ijyb (D)
5 creatures vanquished.

Notes
Turn   | Place    | Note
-------+----------+-------------------------------------------
     0 | D        | Melicamp the Troll Transmuter began the quest for the Orb.
     0 | D        | Reached XP level 1. HP: 18/18 MP: 1/1
     1 | D        | Noticed Ijyb
    11 | D        | Killed Ijyb
    11 | D        | Reached XP level 2. HP: 32/32 MP: 2/2
    19 | D        | Noticed an ogre
    23 | D        | Killed an ogre
    23 | D        | Reached XP level 3. HP: 44/44 MP: 3/3
    23 | D        | Reached XP level 4. HP: 52/52 MP: 4/4
    73 | D        | Learned a level 3 spell: Spider Form
    84 | D        | Noticed Sigmund
    95 | D        | Killed Sigmund
    95 | D        | Reached skill level 5 in Transmutations
    95 | D        | Reached XP level 5. HP: 48/59 MP: 4/8
   190 | D        | Found a radiant altar of Vehumet.
   191 | D        | Found a deep blue altar of Sif Muna.
   193 | D        | Reached XP level 6. HP: 52/67 MP: 9/9
   230 | D        | Found Yshriff's Gadget Emporium.
   230 | D        | Found an ancient bone altar of Kikubaaqudgha.
   230 | D        | Found a hazy altar of Hepliaklqana.
   230 | D        | Found a stormy altar of Qazlal.
   230 | D        | Found a hide-covered altar of Uskayaw.
   230 | D        | Found a blossoming altar of Fedhas.
   230 | D        | Found a bloodstained altar of Trog.
   230 | D        | Found an iron altar of Okawaru.
   230 | D        | Found a basalt altar of Yredelemnul.
   230 | D        | Found a glowing golden altar of the Shining One.
   230 | D        | Found a snail-covered altar of Cheibriados.
   230 | D        | Found a sacrificial altar of Ru.
   230 | D        | Found a glowing silver altar of Zin.
   230 | D        | Found a shadowy altar of Dithmenos.
   230 | D        | Found a white marble altar of Elyvilon.
   230 | D        | Noticed a yak
   245 | D        | Killed a yak
   245 | D        | Reached skill level 7 in Transmutations
   246 | D        | Found an opulent altar of Gozag.
   315 | D        | Found a sparkling altar of Nemelex Xobeh.
   321 | D        | Became a worshipper of Cheibriados the Contemplative
   336 | D        | Learned a level 2 spell: Sticks to Snakes
   337 | D        | Noticed Sonja
   345 | D        | Succumbed to Sonja's curare-tipped needle

Skill      XL: |  1  2  3  4  5  6 |
---------------+-------------------+-----
Fighting       | 3 6 |  6.1
Unarmed Combat | 4 6 |  6.0
Spellcasting   | 3 4 |  4.1
Transmutations | 5 7 |  7.0
Dodging        | |  1.5

Action                   |  1- 3 |  4- 6 || total
-------------------------+-------+-------++-------
Melee: Unarmed           |    13 |    23 ||    36
 Cast: Beastly Appendage |       |     1 ||     1
       Spider Form       |       |     1 ||     1
Evoke: Wand              |       |     1 ||     1
  Use: Potion            |     1 |     2 ||     3
  Eat: Chunk             |       |     2 ||     2
Armor: Robe              |     3 |     3 ||     6
       Skin              |       |     1 ||     1
Dodge: Dodged            |     4 |    12 ||    16
